 Dungeon Crawl Stone Soup version 0.29-a0-330-g52719c12eb (webtiles) character file.

Game seed: 471870417122644949

4921 kae the Zephyrmancer (level 10, -4/81 HPs)
             Began as an Ogre Air Elementalist on Apr 14, 2022.
             Was an Initiate of Gozag.
             Slain by a yak (7 damage)
             ... on level 8 of the Dungeon.
             The game lasted 00:09:09 (16351 turns).

kae the Zephyrmancer (Ogre Air Elementalist)       Turns: 16351, Time: 00:09:10

Health: -4/81      AC:  3    Str: 14    XL:     10   Next: 52%
Magic:  0/22       EV:  9    Int: 26    God:    Gozag
Gold:   642        SH:  0    Dex:  9    Spells: 16/26 levels left

rFire   . . .      SeeInvis .   j - +3 dagger (venom)
rCold   . . .      Faith    .   (no shield)
rNeg    . . .      Spirit   +   x - +0 robe of Filth {rElec}
rPois   +          Reflect  .   (helmet restricted)
rElec   +          Harm     .   (no cloak)
rCorr   .          Rampage  .   (gloves unavailable)
Will    +....                   (boots unavailable)
Stlth   +.........              d - amulet of guardian spirit
HPRegen 0.23/turn               i - ring of poison resistance
MPRegen 0.18/turn               y - +6 ring of intelligence

@: gold aura, hasted, very quick
A: large, unfitting armour, tough skin 1
a: Renounce Religion, Potion Petition, Call Merchant, Bribe Branch


You were on level 8 of the Dungeon.
You worshipped Gozag.
Gozag was pleased with you.
You visited 2 branches of the dungeon, and saw 10 of its levels.

You collected 946 gold pieces.
You spent 148 gold pieces at shops.
You paid 156 gold pieces to Gozag.

Inventory:

Hand Weapons
 h - a +0 short sword
 j - a +3 dagger of venom (weapon)
Missiles
 q - 2 throwing nets
Armour
 a - a +1 robe
 n - the +1 robe "Memauv" {rPois rN++ Stlth-}
   (You found it on level 6 of the Dungeon)

   rPois:     It protects you from poison.
   rN:        It greatly protects you from negative energy.
   Stlth:     It makes you less stealthy.
 x - the +0 robe of Filth (worn) {rElec}
   (You bought it in a shop on level 5 of the Dungeon)

   rElec:     It insulates you from electricity.
Magical Staves
 t - a staff of death
Jewellery
 d - an amulet of guardian spirit (around neck)
 e - a ring of ice
 i - a ring of poison resistance (left hand)
 s - a ring of protection from fire
 u - a ring of positive energy
 w - a ring of wizardry
 y - a +6 ring of intelligence (right hand)
Wands
 z - a wand of digging (4)
Scrolls
 c - 2 scrolls of enchant weapon
 f - a scroll of teleportation
 g - a scroll of enchant armour
 k - a scroll of torment {unknown}
Potions
 b - 2 potions of magic
 l - 2 potions of brilliance
 m - 4 potions of might
 o - 4 potions of mutation
 p - a potion of flight {unknown}
 r - a potion of attraction
 v - 2 potions of haste


   Skills:
 - Level 1.7 Dodging
 - Level 1.4 Stealth
 + Level 8.7 Spellcasting
 + Level 7.0 Conjurations
 * Level 10.3 Air Magic


You had 16 spell levels left.
You knew the following spells:

 Your Spells              Type           Power      Damage    Failure   Level
a - Shock                 Conj/Air       100%       1d9       1%          1
b - Static Discharge      Conj/Air       54%        N/A       1%          2
c - Swiftness             Air            60%        N/A       1%          3
d - Airstrike             Air            30%        N/A       1%          4

Your spell library contained the following spells:

 Spells                   Type           Power      Damage    Failure   Level
 Animate Skeleton         Necr           22%        N/A       5%          1
 Pain                     Necr           44%        1d6       5%          1
 Vampiric Draining        Necr           11%        2d6       16%         3
 Leda's Liquefaction      Hex/Erth       5%         N/A       45%         4
 Lee's Rapid Deconstruct  Erth           5%         3d7*      82%         5
 Statue Form              Tmut/Erth      7%         N/A       100%        6


Dungeon Overview and Level Annotations

Branches:
Dungeon (9/15)             Temple (1/1) D:7
   Lair: D:8-11         Orc: D:9-12

Altars:
Ashenzari
Cheibriados
Dithmenos
Elyvilon
Fedhas
Gozag
Hepliaklqana
Kikubaaqudgha
Makhleb
Nemelex Xobeh
Okawaru
Qazlal
Ru
Sif Muna
Trog
Uskayaw
Vehumet
Wu Jian
Xom
Yredelemnul
Zin
The Shining One

Shops:
D:5 [

Annotations:
D:3 1 runed translucent door, Crazy Yiuf, Ijyb


Innate Abilities, Weirdness & Mutations

You are too large for most types of armour.
You have tough skin. (AC +1)


Message History

The yak is lightly wounded.
You hit the yak but do no damage.
The yak is lightly wounded.
The yak gores you.
You completely miss the yak. The yak gores you!
* * * LOW HITPOINT WARNING * * *
You hit the yak but do no damage.
The yak is poisoned.
The yak closely misses you.
You hit the yak.
The yak is lightly wounded.
The yak barely misses you.
You hit the yak.
The yak looks as sick as possible!
The yak is lightly wounded.
The yak barely misses you.
You hit the yak.
The yak looks as sick as possible!
The yak is lightly wounded.
The yak barely misses you.
You hit the yak but do no damage.
The yak is lightly wounded.
The yak looks more healthy.
The yak barely misses you.
You barely miss the yak.
The yak is moderately wounded.
The yak closely misses you.
You hit the yak but do no damage.
The yak looks as sick as possible!
The yak is moderately wounded.
The yak gores you!
* * * LOW HITPOINT WARNING * * *
The yak attacks as you move away! The yak gores you!
* * * LOW HITPOINT WARNING * * *
There is a stone staircase leading up, spattered with blood here.
The yak gores you.
* * * LOW HITPOINT WARNING * * *
You climb upwards.
There is a stone staircase leading down here.
Okay, then.
Okay, then.
Okay, then.
It was a potion of haste.
You feel yourself speed up. The yak gores you!
You die...
Your body crumbles into a pile of gold.

###..........##
##............#
#.............##
##..............#
###...............# #
#.#...............####
##................##..
#...................#
#...@...............#
##...Y...........####
#...............#
#...............#
##..............####
#.............##...
##...........#.....
##..............##
###...........##


You could see a yak (extremely poisoned).

Vanquished Creatures
  An unseen horror (D:9)
  A hornet (D:9)
  Prince Ribbit (D:7)
  A shadow (D:5)
  2 wyverns (D:8)
  A yak (D:9)
  A steam dragon (D:5)
  2 water moccasins (D:5)
  3 orc warriors
  3 sky beasts
  2 black bears
  7 centaurs
  2 kobold brigands
  3 bullfrogs
  A scorpion (D:5)
  2 gnoll sergeants
  A necrophage (D:6)
  3 wights (D:9)
  6 killer bees (D:9)
  3 howler monkeys (D:8)
  4 orc priests
  3 jellies
  A gnoll shaman (D:8)
  3 hounds
  Jessica (D:2)
  Natasha (thrice) (D:3)
  6 orc wizards
  12 gnolls
  5 adders
  A shadow imp (D:6)
  2 white imps (D:6)
  2 worms
  3 dart slugs
  39 orcs
  6 ball pythons
  9 endoplasms
  5 giant cockroaches
  12 hobgoblins
  5 jackals (D:1)
  5 quokkas
  3 bats
  A frilled lizard (D:2)
  13 goblins
  19 kobolds
  3 rats
212 creatures vanquished.

Notes
Turn   | Place    | Note
-------+----------+-------------------------------------------
     0 | D:1      | kae the Ogre Air Elementalist began the quest for the Orb.
     0 | D:1      | Reached XP level 1. HP: 16/16 MP: 3/3
   129 | D:1      | Reached skill level 1 in Conjurations
   289 | D:1      | Reached skill level 3 in Air Magic
   289 | D:1      | Reached XP level 2. HP: 24/24 MP: 2/5
  1010 | D:1      | Reached XP level 3. HP: 31/31 MP: 2/7
  1013 | D:1      | Learned a level 2 spell: Static Discharge
  1071 | D:1      | Learned a level 3 spell: Swiftness
  1666 | D:2      | Noticed Jessica
  1673 | D:2      | Killed Jessica
  1674 | D:2      | Reached XP level 4. HP: 13/39 MP: 0/8
  2267 | D:2      | Found an ornate altar of the Wu Jian Council.
  3208 | D:2      | Reached skill level 4 in Air Magic
  3599 | D:3      | Reached XP level 5. HP: 45/45 MP: 8/10
  3625 | D:3      | Noticed Ijyb
  3718 | D:3      | Found a faded altar of an unknown god.
  3788 | D:3      | Found a runed translucent door.
  3789 | D:3      | Noticed Crazy Yiuf
  4013 | D:3      | Noticed a black bear
  4396 | D:3      | Noticed Natasha
  4403 | D:3      | Killed Natasha
  4424 | D:3      | Noticed Natasha
  4437 | D:3      | Killed Natasha
  5205 | D:3      | Noticed Natasha
  5215 | D:3      | Killed Natasha
  5216 | D:3      | Reached XP level 6. HP: 45/53 MP: 0/11
  5431 | D:3      | Killed a black bear
  5575 | D:4      | Reached skill level 5 in Air Magic
  5973 | D:4      | Reached XP level 7. HP: 59/59 MP: 6/13
  6033 | D:4      | Found a bloodstained altar of Trog.
  6470 | D:5      | Entered Level 5 of the Dungeon
  6652 | D:5      | Reached skill level 5 in Spellcasting
  6885 | D:5      | Reached skill level 6 in Air Magic
  7000 | D:5      | Reached XP level 8. HP: 65/67 MP: 8/15
  7175 | D:5      | Learned a level 4 spell: Airstrike
  7498 | D:5      | Found Ketzuc's Antique Armour Emporium.
  7498 | D:5      | Noticed a shadow
  7967 | D:5      | Killed a shadow
  7968 | D:5      | Reached skill level 7 in Air Magic
  8266 | D:5      | Bought a fine robe for 148 gold pieces
  8266 | D:5      | Identified the +0 robe of Filth {rElec} (You bought it in a
                  | shop on level 5 of the Dungeon)
  8527 | D:6      | Identified the +1 robe "Memauv" {rPois rN++ Stlth-}
  9726 | D:7      | Reached skill level 5 in Conjurations
  9943 | D:7      | Reached XP level 9. HP: 70/74 MP: 13/18
 10381 | D:7      | Reached skill level 8 in Air Magic
 10598 | D:7      | Noticed Prince Ribbit
 11005 | D:7      | Killed Prince Ribbit
 11319 | D:7      | Found a staircase to the Ecumenical Temple.
 11325 | Temple   | Entered the Ecumenical Temple
 11643 | Temple   | Became a worshipper of Gozag Ym Sagoz the Greedy
 13329 | D:8      | Reached skill level 9 in Air Magic
 14347 | D:9      | Reached XP level 10. HP: 65/81 MP: 2/21
 15437 | D:9      | Reached skill level 10 in Air Magic
 15841 | D:9      | Killed an unseen horror
 16349 | D:9      | HP: 3/81 [yak (4)]
 16351 | D:8      | Slain by a yak

Illustrated notes

Levels and vault maps discovered:
D:1:      matt_arrival_spirals, layout_basic
D:2:      layout_loops_corners, basic_altar, uniq_jessica
D:3:      layout_loops_ring, chequers_ecumenical_altar_simple,
          guppyfry_early_orc_mine, uniq_natasha, uniq_ijyb,
          uniq_crazy_yiuf_cottage
D:4:      layout_rooms, bloody_trog
D:5:      layout_basic, kennysheep_windowed_goal
D:6:      layout_basic, serial_rivers, chequers_serial_rivers_micro_c,
          chequers_serial_rivers_marsh, chequers_serial_rivers_micro_c,
          chequers_serial_rivers_micro_a, chequers_serial_rivers_micro_a
D:7:      black_bear_nest_2, layout_gridville,
          minmay_temple_entry_enclosed_plants, uniq_prince_ribbit1
D:8:      layout_layer_cave, enter_bailey_3
D:9:      layout_small_grid, centaur_isle
Temple:   mainiacjoe_temple_hex_bubbles

Skill      XL: |  1  2  3  4  5  6  7  8  9 10 |
---------------+-------------------------------+-----
Conjurations   | 1 2 3 5 6 7 |  7.0
Air Magic      | 3 4 5 6 7 9 10 | 10.3
Spellcasting   | 3 4 5 6 7 8 |  8.7
Dodging        | |  1.7
Stealth        | |  1.4

Action                   |  1- 3 |  4- 6 |  7- 9 | 10-12 || total
-------------------------+-------+-------+-------+-------++-------
Melee: Unarmed           |    22 |       |       |       ||    22
       Punch             |     1 |       |       |       ||     1
       Short sword       |     4 |    12 |       |       ||    16
       Dagger            |       |    51 |    32 |    30 ||   113
 Cast: Shock             |    68 |   154 |   139 |    16 ||   377
       Static Discharge  |       |       |    44 |    10 ||    54
       Airstrike         |       |       |    51 |    30 ||    81
       Swiftness         |       |       |     1 |       ||     1
  Use: Scroll            |       |     5 |    11 |     1 ||    17
       Potion            |       |       |     1 |     2 ||     3
 Stab: Sleeping          |       |       |     1 |       ||     1
Armor: Robe              |    13 |    19 |    25 |    11 ||    68
Dodge: Dodged            |    27 |    40 |    60 |    20 ||   147

Table legend: (Time is in decaauts)
 A = Elapsed time spent in this place.
 B = Non-inter-level travel time spent in this place.
 C = Inter-level travel time spent in this place.
 D = Time resting spent in this place.
 E = Time spent auto-exploring this place.
 F = Levels seen in this place.
 G = Mean time per level.
                   A        B        C        D        E       F      G
               +--------+--------+--------+--------+--------+-----+--------+
         Total |  16367 |  15831 |    536 |   3541 |  10645 |  10 | 1636.7 |
       Dungeon |  16019 |  15602 |    417 |   3541 |  10420 |   9 | 1779.9 |
        Temple |    348 |    229 |    119 |      0 |    225 |   1 |  348.0 |
               +--------+--------+--------+--------+--------+-----+--------+

Top non-repeatable levels by time:
     D:8: 2708 daAuts
     D:7: 2373 daAuts
     D:2: 2026 daAuts
     D:3: 1835 daAuts
     D:5: 1695 daAuts
     D:1: 1681 daAuts
     D:6: 1444 daAuts
     D:9: 1156 daAuts
     D:4: 1096 daAuts
  Temple: 348 daAuts
